[Event "Late-Titled-Tuesday-Blitz-January-30-2024"]
[Site "Chess.com"]
[Date "2024.01.30"]
[Round "5"]
[White "noblerone"]
[Black "SmirnovTimofey2000"]
[Result "1-0"]
[WhiteElo "2460"]
[BlackElo "1941"]
[TimeControl "180+1"]
[EndTime "14:57:20 PST"]
[Termination "noblerone won by resignation"]

1. e4 e5 2. Nf3 Nf6 3. Nxe5 d6 4. Nf3 Nxe4 5. Nc3 Nxc3 6. dxc3 Be7 7. Be3 Be6 8. Qd2 Nc6 9. Nd4 Qd7 10. Bb5 a6 11. Ba4 Bf6 12. O-O O-O 13. Bg5 Bxg5 14. Qxg5 b5 15. Bb3 Bxb3 16. axb3 Qe7 17. Qxe7 Nxe7 18.
Rfe1 Rfe8 19. f3 Nd5 20. Rxe8+ Rxe8 21. Rxa6 Ne3 22. Ra1 c5 23. Nxb5 Nxc2 24. Rd1 Re6 25. Rxd6 Re1+ 26. Kf2 g6 27. Rd2 Rc1 28. Nd6 Na1 29. b4 cxb4 30. cxb4 Nb3 31. Re2 Rc6 32. Ne4 Rb6 33. Nf6+ Kg7 34. Nd5 Rb5 35. Re5 Nc1 36.
Ke3 Na2 37. Kd4 Nxb4 38. Nxb4 Rxb4+ 39. Kc3 Ra4 40. Re2 Kf6 41. b4 Ra7 42. b5 h5 43.
Kc4 g5 44. b6 Rb7 45. Kc5 g4 46. fxg4 hxg4 47. Kc6 1-0

[Event "Late-Titled-Tuesday-Blitz-January-30-2024"]
[Site "Chess.com"]
[Date "2024.01.30"]
[Round "5"]
[White "LiemLe"]
[Black "temus_galaktionov"]
[Result "0-1"]
[WhiteElo "3041"]
[BlackElo "2892"]
[TimeControl "180+1"]
[EndTime "14:57:24 PST"]
[Termination "temus_galaktionov won by checkmate"]

1. Nf3 c6 2. c4 g6 3. e3 Bg7 4. d4 d6 5. Nc3 Nd7 6. Be2 Ngf6 7. O-O O-O 8. b3 Re8 9. Ba3 Qa5 10. Qc1 Qc7 11.
Rd1 a5 12. e4 Bf8 13. c5 dxc5 14. dxc5 e5 15. Qg5 h6 16. Qh4 g5 17. Nxg5 hxg5 18. Qxg5+ Bg7 19. Rd3 Nh7 20. Qh4 Ndf8 21. Bh5 Ng6 22.
Bxg6 fxg6 23. Na4 Be6 24. Rad1 g5 25. Qg3 Rad8 26. Rd6 Bf8 27. h4 Bxd6 28. cxd6 Qg7 29. Bb2 gxh4 30. Qxh4 Qg4 31. Qxg4+ Bxg4 32. Rd3 Nf6 33.
f3 Bc8 34. Bc3 Rd7 35. Nc5 Rg7 36. Bxa5 Nd7 37. Na4 Re6 38. Rd2 Rgg6 39. Bc7 b6 40.
Kf2 Kf7 41. g4 Ke8 42. Kg3 Ref6 43. Rh2 Rf8 44. Rh7 Re6 45. Bxb6 Rxd6 46. Be3 Rd3 47. Kf2 Nf6 48. Rc7 Nxg4+ 49. Kg3 Nxe3 50. Rxc8+ Ke7 51. Rxc6 Nf1+ 52. Kg4 Rdxf3 53. Nc5 Ne3+ 54. Kg5 Rg8+ 55. Kh4 Ng2+ 56. Kh5 Rh3# 0-1

[Event "Late-Titled-Tuesday-Blitz-January-30-2024"]
[Site "Chess.com"]
[Date "2024.01.30"]
[Round "5"]
[White "bitter-cikolata"]
[Black "ElCoachRene"]
[Result "1-0"]
[WhiteElo "2535"]
[BlackElo "1972"]
[TimeControl "180+1"]
[EndTime "14:57:24 PST"]
[Termination "bitter-cikolata won on time"]

1. e4 Nc6 2. d4 d5 3. exd5 Qxd5 4.
Nf3 Bg4 5. Be2 O-O-O 6. Nc3 Qa5 7. Be3 e5 8. O-O exd4 9. Nxd4 Bxe2 10. Ncxe2 Nxd4 11. Nxd4 Nf6 12. Qf3 Bd6 13. c3 Qe5 14. g3 h5 15. Rae1 Qd5 16. Qxd5 Nxd5 17. Nf5 Nxe3 18. Rxe3 Bf8 19. Rfe1 g6 20. Ne7+ Bxe7 21. Rxe7 Rhf8 22. h4 Rd2 23. R1e2 Rxe2 24. Rxe2 Kd7 25. Kg2 Re8 26.
Rd2+ Kc8 27. Kf3 Re5 28. Rd4 c5 29. Rf4 f5 30. Ra4 a6 31. b4 Re4 32. a3 Kc7 33. Ra5 cxb4 34. cxb4 Rc4 35. Re5 Kd6 36. Re3 b5 37. Rd3+ Ke5 38. Re3+ Kd6 39. Re8 Rc3+ 40. Kf4 Rxa3 41. Kg5 Ra4 42. Kxg6 Rxb4 43. Kxh5 Ra4 44. Kg5 b4 45. h5 b3 46. h6 f4 47. h7 Ra5+ 48. Kg6 Kd7 49. h8=Q 1-0

[Event "Late-Titled-Tuesday-Blitz-January-30-2024"]
[Site "Chess.com"]
[Date "2024.01.30"]
[Round "5"]
[White "klimkoj"]
[Black "DenLaz"]
[Result "1/2-1/2"]
[WhiteElo "2926"]
[BlackElo "3046"]
[TimeControl "180+1"]
[EndTime "14:57:25 PST"]
[Termination "Game drawn by repetition"]

1. e4 c5 2. Nf3 e6 3. d4 cxd4 4. Nxd4 Nc6 5. Nc3 Qc7 6. Be3 a6 7. Qd2 Nf6 8. O-O-O Be7 9. f3 b5 10. g4 Nxd4 11. Bxd4 Bb7 12. g5 Nh5 13. Be5 Qxe5 14. Qxd7+ Kf8 15. Qxb7 Bxg5+ 16. Kb1 Qb8 17. Rd7 Qxb7 18.
Rxb7 Bf6 19. a4 Bxc3 20. bxc3 bxa4 21. Bxa6 g5 22. Bb5 Kg7 23. Rg1 h6 24. h4 Nf4 25.
hxg5 h5 26. c4 h4 27. c5 h3 28. Rh1 a3 29. Ka2 Rhd8 30. Rh2 Rd1 31. c6 Rg1 32. c7 Rc8 33. Rxh3 Rg2 34. Rh4 Rxc2+ 35.
Kxa3 Ng6 36. Rh3 R2xc7 37. Rxc7 Rxc7 38. Kb4 Rc1 39. Rg3 Nf4 40. Rg4 e5 41. Rg3 Ne6 42. Bd7 Nf4 43. Bf5 Rc7 44. Kb3 Rc1 45. Kb4 Rc6 46.
Kb5 Rc3 47. Kb4 Rc1 48. Kb3 Rc5 49. Kb4 Rc1 50. Kb3 Rc5 51. Kb4 Rc1 1/2-1/2

[Event "Late-Titled-Tuesday-Blitz-January-30-2024"]
[Site "Chess.com"]
[Date "2024.01.30"]
[Round "5"]
[White "The_Machine04"]
[Black "lupta_robin"]
[Result "0-1"]
[WhiteElo "2707"]
[BlackElo "2536"]
[TimeControl "180+1"]
[EndTime "14:57:25 PST"]
[Termination "lupta_robin won on time"]

1. d4 d5 2. Nf3 Nf6 3. Nbd2 Bf5 4.
e3 c6 5. Ne5 e6 6. g4 Be4 7. f3 Bg6 8. h4 h6 9. Nxg6 fxg6 10.
Bd3 Kf7 11. f4 Bd6 12. g5 Nh5 13. Qg4 Nd7 14. Nf3 Rg8 15. Bxg6+ Kxg6 16. Qxe6+ Kh7 17. Qxd6 Ng3 18. Rg1 Ne4 19. Qa3 c5 20. Qd3 c4 21.
Qe2 Qe7 22. Bd2 b5 23. a3 a5 24. c3 Rae8 25. Kf1 Nxd2+ 26. Qxd2 Qxe3 27. Qxe3 Rxe3 28. Kf2 Re4 29. Rg4 Rf8 30. Kg3 Re2 31. Re1 Rfe8 32. Rxe2 Rxe2 33. Ne5 Nxe5 34. dxe5 Rxb2 35. f5 Re2 36. e6 b4 37. axb4 axb4 38. cxb4 c3 39. Kf3 c2 40. Rg1 Re5 41. Kf4 Re4+ 42. Kf3 Rxb4 43.
f6 hxg5 44. hxg5 Rb1 45. g6+ Kh6 0-1

[Event "Late-Titled-Tuesday-Blitz-January-30-2024"]
[Site "Chess.com"]
[Date "2024.01.30"]
[Round "5"]
[White "AradNazari"]
[Black "shimastream"]
[Result "1-0"]
[WhiteElo "2713"]
[BlackElo "2998"]
[TimeControl "180+1"]
[EndTime "14:57:26 PST"]
[Termination "AradNazari won on time"]

1. e4 b6 2. d4 Bb7 3. Nc3 e6 4. f4 Bb4 5. Bd3 f5 6. d5 fxe4 7. Bxe4 Nf6 8. Bf3 Bxc3+ 9. bxc3 Bxd5 10. Ba3 Nc6 11. f5 Ne5 12. Bxd5 exd5 13. Nf3 Nxf3+ 14. Qxf3 d6 15. c4 O-O 16. cxd5 Qe7+ 17. Kd1 Qe5 18. Kd2 Nxd5 19. Raf1 Rxf5 20. Qb3 Raf8 21. Rxf5 Rxf5 22. Bb2 Qf4+ 23. Kd1 Rf7 24. Re1 h6 25. Qxd5 Kh7 26. Qd3+ Kg8 27. Re8+ Rf8 28. Qd5+ Kh7 29. Qe4+ Qxe4 30.
Rxe4 Rf7 31. Ke2 Kg6 32. a4 Kf5 33. Ke3 g5 34. g4+ Kg6 35. Re6+ Kh7 36. h3 a5 37. Ke4 Rf4+ 38. Kd5 Rxa4 39. Re7+ Kg8 40. Rg7+ Kf8 41. Rxc7 Ke8 42. Bg7 Ra3 43. c3 b5 44.
Ke6 Kd8 45. Kxd6 b4 46. Bf6+ Ke8 47. Ke6 1-0

[Event "Late-Titled-Tuesday-Blitz-January-30-2024"]
[Site "Chess.com"]
[Date "2024.01.30"]
[Round "5"]
[White "Beca95"]
[Black "Mikhail_Golubev"]
[Result "1/2-1/2"]
[WhiteElo "2961"]
[BlackElo "2663"]
[TimeControl "180+1"]
[EndTime "14:57:26 PST"]
[Termination "Game drawn by repetition"]

1. e4 c5 2. Nc3 Nc6 3. Bb5 Nd4 4. Nf3 e6 5. O-O a6 6. Bd3 Nc6 7. b3 g6 8. Bb2 Bg7 9. Na4 Bxb2 10. Nxb2 Nge7 11. e5 d5 12. exd6 Qxd6 13. Nc4 Qc7 14. a4 O-O 15. Re1 b6 16. Nfe5 Bb7 17. Nxc6 Nxc6 18. Be4 b5 19. Ne3 f5 20. Bf3 Rad8 21.
axb5 axb5 22. d3 e5 23. Bd5+ Kg7 24. c4 bxc4 25. bxc4 Rd7 26. Nc2 Rfd8 27. Qe2 Na5 28. Bxb7 Nxb7 29. Qxe5+ Qxe5 30. Rxe5 Rxd3 31. h4 Rd1+ 32.
Rxd1 Rxd1+ 33. Kh2 Rd2 34. Ne3 Nd6 35. Re7+ Kf6 36.
Rxh7 Rxf2 37. Rc7 Ne4 38. Rc6+ Ke5 39. Rxg6 Kd4 40. Nd5 Kxc4 41. Nf6 Nxf6 42. Rxf6 Kd4 43. h5 Ke5 44. Rf8 Rf4 45. g3 Rf2+ 46. Kh3 Rf1 47. Kh4 Ra1 48. Kg5 Rg1 49. Re8+ Kd4 50. Rd8+ Ke3 51. Re8+ Kd3 52. Rd8+ Ke3 53. Re8+ Kd3 54.
Rd8+ Ke3 1/2-1/2

[Event "Late-Titled-Tuesday-Blitz-January-30-2024"]
[Site "Chess.com"]
[Date "2024.01.30"]
[Round "5"]
[White "ozen_metehan"]
[Black "Harsha_Bharathakoti"]
[Result "1/2-1/2"]
[WhiteElo "2479"]
[BlackElo "2888"]
[TimeControl "180+1"]
[EndTime "14:57:26 PST"]
[Termination "Game drawn by repetition"]

1. e4 c5 2. Nf3 e6 3. b3 a6 4. Bb2 Nc6 5. Nc3 Nf6 6. d4 cxd4 7. Nxd4 Bc5 8. Nxc6 bxc6 9. Qd2 d5 10. O-O-O O-O 11.
Bd3 a5 12. f3 Ba6 13. Kb1 Bb4 14. Bxa6 Rxa6 15. Qd3 Ra8 16. g4 Nd7 17. h4 Re8 18.
h5 Nc5 19. Qe3 Nd7 20. h6 g6 21. g5 c5 22. exd5 exd5 23. Qf4 Bxc3 24. Bxc3 d4 25. Bb2 Nf8 26. Qg4 a4 27. Rhe1 axb3 28. axb3 Qd5 29.
Qf4 Qf5 30. Qxf5 gxf5 31. b4 cxb4 32. Bxd4 Rxe1 33. Rxe1 Ne6 34. Bf6 Ra3 35. Kb2 Kf8 36. Rd1 Ke8 37. Rd5 Rxf3 38. Rb5 f4 39. Rxb4 Rf1 40. Rb8+ Kd7 41. Rh8 f3 42. Rxh7 f2 43. Rxf7+ Ke8 44. Re7+ Kf8 45. Rxe6 Rb1+ 46. Kxb1 f1=Q+ 47. Kb2 Qb5+ 48. Kc1 Qf1+ 49. Kb2 Qb5+ 50. Kc1 Qf1+ 51.
Kb2 1/2-1/2

[Event "Late-Titled-Tuesday-Blitz-January-30-2024"]
[Site "Chess.com"]
[Date "2024.01.30"]
[Round "5"]
[White "HalfIsCrayfish"]
[Black "elchacal664"]
[Result "1/2-1/2"]
[WhiteElo "2581"]
[BlackElo "2417"]
[TimeControl "180+1"]
[EndTime "14:57:26 PST"]
[Termination "Game drawn by repetition"]

1. e4 e6 2. Nc3 d5 3. exd5 exd5 4.
d4 Nf6 5. Bd3 Be7 6. Nge2 O-O 7.
Bg5 Nc6 8. Qd2 Re8 9. O-O-O Nb4 10. Rhe1 Nxd3+ 11. Qxd3 Bg4 12. f3 Bh5 13. Nf4 Bg6 14.
Nxg6 hxg6 15. Kb1 c6 16. g4 Bd6 17. h4 Qd7 18. h5 Nh7 19. Bc1 gxh5 20. Rh1 g6 21.
gxh5 Qf5 22. hxg6 Qxd3 23. gxf7+ Kxf7 24. cxd3 Nf6 25. Bg5 Rh8 26. f4 Rag8 27. Ne2 Rxh1 28. Rxh1 Rg7 29. Ng3 Rh7 30. Re1 Bb4 31. Re2 Rh3 32.
Nf5 Ng8 33. a3 Bf8 34. Kc2 a6 35. a4 b5 36. axb5 axb5 37. Re3 Rxe3 38. Nxe3 Be7 39. Ng4 Bd6 40. Kb3 Ke6 41. Ne3 Ne7 42. Bxe7 Bxe7 43. Ng4 c5 44. dxc5 Bxc5 45. Kc3 d4+ 46. Kc2 Kf5 47. Ne5 Kxf4 48. Nd7 Ba7 49. Nf6 Ke5 50. Ne4 Kd5 51. Kb3 Bc5 52. Nd2 Be7 53. Kc2 Bb4 54.
Nf3 Bd6 55. Kd2 Bf4+ 56. Kc2 Bd6 57. Ne1 Bb4 58. Ng2 Bd6 59. Nh4 Ke5 60. Nf3+ Kd5 1/2-1/2

[Event "Late-Titled-Tuesday-Blitz-January-30-2024"]
[Site "Chess.com"]
[Date "2024.01.30"]
[Round "5"]
[White "FabianoCaruana"]
[Black "AlexeiShirov"]
[Result "1/2-1/2"]
[WhiteElo "3042"]
[BlackElo "2777"]
[TimeControl "180+1"]
[EndTime "14:57:27 PST"]
[Termination "Game drawn by repetition"]

1. c4 c6 2. Nf3 d5 3. d4 Nf6 4. e3 Bf5 5. Nc3 e6 6. Nh4 Be4 7. f3 Bg6 8. Qb3 Qc7 9. Bd2 Be7 10.
g3 a6 11. Rc1 dxc4 12. Bxc4 c5 13. dxc5 Nbd7 14. Na4 Nxc5 15. Nxc5 Bxc5 16. Nxg6 hxg6 17. O-O O-O 18. Kg2 Rfd8 19. Rc2 b5 20. Be2 Qa7 21. e4 Rd7 22. Rfc1 Rxd2 23. Rxd2 Be3 24. Qd3 Bxd2 25. Qxd2 Qb6 26. Qc3 Rd8 27. Rd1 Rxd1 28. Bxd1 g5 29. Qd2 Qc5 30. Bc2 g6 31. Bd3 Kg7 32. Be2 g4 33. b3 gxf3+ 34. Bxf3 Qe5 35. Qe2 Qd4 36. Qf2 Qe5 37. Qe2 Qd4 38. h4 Nd7 39. Qf2 Qc3 40. h5 Ne5 41. Be2 gxh5 42. Bxh5 f6 43. Be2 Qc7 44. Qe3 Qd6 45. a4 bxa4 46. bxa4 Kg6 47. a5 Qb4 48. Qb6 Qxe4+ 49. Kf2 Nd3+ 50. Bxd3 Qxd3 51. Qxe6 Qd2+ 52. Kf3 Qxa5 53.
Qg8+ Kh6 54. Qh8+ Kg6 55. Qg8+ Kh6 56. Qh8+ Kg6 57. Qg8+ 1/2-1/2

[Event "Late-Titled-Tuesday-Blitz-January-30-2024"]
[Site "Chess.com"]
[Date "2024.01.30"]
[Round "5"]
[White "Navyblue1"]
[Black "Nouali_Mohamed"]
[Result "0-1"]
[WhiteElo "2157"]
[BlackElo "2467"]
[TimeControl "180+1"]
[EndTime "14:57:28 PST"]
[Termination "Nouali_Mohamed won on time"]

1. d4 Nf6 2. c4 g6 3. Nc3 Bg7 4. e4 d6 5. h3 O-O 6. Be3 c5 7.
dxc5 Qa5 8. Bd2 Qxc5 9. Nf3 Be6 10. b3 Nc6 11. Rc1 Nd4 12. Nxd4 Qxd4 13. Qc2 Nh5 14. Qd3 f5 15. Qxd4 Bxd4 16. Be2 fxe4 17. Nxe4 Nf4 18. Bxf4 Rxf4 19. Bf3 Kg7 20. Nd2 Rb8 21. O-O b6 22. Rce1 Kf7 23. Re4 Rxe4 24. Nxe4 h6 25. Rd1 Be5 26.
Kf1 a5 27. Nd2 a4 28. Be4 axb3 29. axb3 b5 30. Bd3 bxc4 31. Bxc4 d5 32. Bd3 g5 33.
Ke2 Bf6 34. Rc1 Ra8 35. Rc6 Ra2 36. b4 Be5 37. b5 Bf4 38. Rc2 Rxc2 39. Bxc2 Bc7 40.
Bd3 Kf6 41. Nb3 Bb6 42. Kf3 Bd7 43. Ke2 e5 44. Kf1 e4 45. Be2 d4 46. Nd2 Bf5 47. Nc4 Ba7 48. b6 Bb8 49. Na5 Bd7 0-1

[Event "Late-Titled-Tuesday-Blitz-January-30-2024"]
[Site "Chess.com"]
[Date "2024.01.30"]
[Round "5"]
[White "GoltsevDmitry2000"]
[Black "Pingah9"]
[Result "1-0"]
[WhiteElo "2809"]
[BlackElo "2528"]
[TimeControl "180+1"]
[EndTime "14:57:30 PST"]
[Termination "GoltsevDmitry2000 won by resignation"]

1. e4 g6 2. h4 h6 3. h5 g5 4. d4 c5 5. dxc5 Qa5+ 6. Bd2 Qxc5 7. Bc3 Nf6 8. Nd2 Bg7 9. Ngf3 d6 10. Nb3 Qc7 11. e5 Ng4 12. Bb5+ Bd7 13. Bxd7+ Nxd7 14. Nxg5 Ndxe5 15. Ne4 Qc4 16. Nbd2 Qa6 17. Qe2 Qxe2+ 18. Kxe2 O-O 19. f3 Nf6 20. Nxf6+ Bxf6 21. Ne4 Bg7 22. g4 f5 23. gxf5 Rxf5 24. Bxe5 Bxe5 25. Rag1+ Kh7 26. c3 Raf8 27. Rh3 d5 28. Nc5 Bf6 29. Rg4 Rc8 30. Nd3 d4 31. cxd4 Rc2+ 32. Ke3 Bg5+ 33.
f4 Bf6 34. Ne5 Rxb2 35. Ke4 e6 36. Rhg3 Rb4 37. a3 Ra4 38. Rc3 Bxe5 39. fxe5 Rg5 40.
Rc7+ Kg8 41. Rxg5+ hxg5 42. Rxb7 Rxa3 43. Re7 Rh3 44.
Rxe6 Rxh5 45. d5 Rh1 46. d6 Rd1 47. Re8+ Kf7 48. Re7+ Kf8 49. Rxa7 g4 50. Kf4 Rd4+ 51. Kg3 Re4 52. Re7 Kg8 53. e6 Kf8 54. Rf7+ 1-0

[Event "Late-Titled-Tuesday-Blitz-January-30-2024"]
[Site "Chess.com"]
[Date "2024.01.30"]
[Round "5"]
[White "JCVanDamme10"]
[Black "shirovin"]
[Result "1-0"]
[WhiteElo "2308"]
[BlackElo "2040"]
[TimeControl "180+1"]
[EndTime "14:57:30 PST"]
[Termination "JCVanDamme10 won by checkmate"]

1. e4 c5 2. Nf3 d6 3. d4 cxd4 4. Nxd4 Nf6 5. Nc3 a6 6. Be2 e5 7. Nb3 Be7 8. O-O O-O 9. f4 exf4 10. Bxf4 Be6 11. Nd4 Nc6 12. Kh1 Ne5 13. Nf5 Bxf5 14. exf5 Qc7 15. Nd5 Nxd5 16. Qxd5 Bf6 17. c3 Rfe8 18.
Rad1 Rad8 19. g4 Qc6 20. g5 Qxd5+ 21. Rxd5 Be7 22. Bxe5 dxe5 23. Rxe5 Bxg5 24. Rxe8+ Rxe8 25. Bf3 b5 26. Bb7 Re2 27. Bxa6 Rxb2 28. c4 bxc4 29.
Bxc4 h5 30. Re1 Bf4 31. Re8+ Kh7 32. Bxf7 Rxh2+ 33. Kg1 Rb2 34. Kf1 h4 35. a4 Rb1+ 36. Kg2 Rb2+ 37. Kf3 Bc7 38. Kg4 Rb4+ 39. Kh5 g6+ 40. Bxg6+ Kg7 41. Re7+ Kf6 42. Rxc7 h3 43. Rc2 Rxa4 44. Rh2 Ra3 45. Kg4 Ra4+ 46. Kxh3 Kg5 47.
Rg2+ Kf6 48. Rg4 Ra3+ 49. Kh4 Ra7 50. Re4 Ra8 51. Kg4 Ra1 52. Re6+ Kg7 53. Re3 Ra4+ 54. Kg5 Ra1 55. f6+ Kf8 56. Re8# 1-0

[Event "Late-Titled-Tuesday-Blitz-January-30-2024"]
[Site "Chess.com"]
[Date "2024.01.30"]
[Round "5"]
[White "Ali_rastbod"]
[Black "MrTattaglia"]
[Result "0-1"]
[WhiteElo "2687"]
[BlackElo "2965"]
[TimeControl "180+1"]
[EndTime "14:57:31 PST"]
[Termination "MrTattaglia won on time"]

1. c4 Nf6 2. g3 g6 3. Bg2 Bg7 4. Nf3 O-O 5. O-O e6 6. d4 d5 7. Qc2 c6 8. Nbd2 Nbd7 9. e4 Nxe4 10. Nxe4 dxe4 11. Qxe4 Qb6 12. b3 a5 13. Qh4 e5 14.
Ng5 h6 15. Ne4 Qd8 16. Qxd8 Rxd8 17. dxe5 Nxe5 18. Bf4 Nd3 19. Bc7 Rd7 20. Rad1 Rxc7 21.
Rxd3 Bf5 22. Rd2 Re8 23. Nd6 Rd8 24. c5 Bf8 25. Rfd1 Rcd7 26. a3 Be6 27. b4 axb4 28.
axb4 Bxd6 29. Rxd6 Rxd6 30. cxd6 Bc4 31. f4 Kf8 32.
Kf2 Ra8 33. Ke3 Ke8 34. Kd4 Be6 35. Kc5 Ra2 36. Bh1 Kd7 37. Kb6 Rb2 38. Rd4 Rxh2 39. Bf3 Kc8 40. g4 Rb2 41. Bd1 Kd7 42. Bf3 Bd5 43. Bxd5 cxd5 44. Kc5 Rg2 45. Kxd5 Rxg4 46. Re4 Kd8 47. Ke5 h5 48. Kf6 g5 49. Re5 Rxf4+ 50. Kxg5 Rxb4 0-1

[Event "Late-Titled-Tuesday-Blitz-January-30-2024"]
[Site "Chess.com"]
[Date "2024.01.30"]
[Round "5"]
[White "Practical-Play"]
[Black "Mahan_83"]
[Result "1-0"]
[WhiteElo "2623"]
[BlackElo "2759"]
[TimeControl "180+1"]
[EndTime "14:57:31 PST"]
[Termination "Practical-Play won on time"]

1. e4 e5 2. Nf3 Nf6 3. Nxe5 d6 4. Nf3 Nxe4 5. Nc3 Nxc3 6. dxc3 Be7 7. Bd3 O-O 8. Be3 d5 9. Qe2 Nc6 10. O-O-O Bf6 11. h4 h6 12. Qd2 h5 13. Ng5 g6 14.
f3 Ne5 15. Be2 Nc4 16. Bxc4 dxc4 17. Qf2 Qe7 18. Bc5 Bxg5+ 19. hxg5 Qxg5+ 20. f4 Qf6 21. Bxf8 Kxf8 22. Qc5+ Kg7 23. Qxc7 Bg4 24. Rd4 Re8 25.
b3 b5 26. Qxa7 Re2 27. Rd2 Qxc3 28. Qd4+ Qxd4 29. Rxd4 c3 30. a4 Bf5 31. axb5 Rxc2+ 32.
Kd1 Ra2 33. b6 Ra1+ 34. Ke2 Ra2+ 35. Ke3 Ra8 36. Rc1 c2 37. Kd2 Rb8 38. Rb4 Kf6 39.
Rxc2 Bxc2 40. Kxc2 Ke6 41. b7 Kd6 42. Kc3 Kc7 43. Kd4 Rxb7 44. Rxb7+ Kxb7 45. Ke5 h4 46. Kf6 Kc6 47. Kxf7 h3 48. gxh3 g5 49. fxg5 1-0

[Event "Late-Titled-Tuesday-Blitz-January-30-2024"]
[Site "Chess.com"]
[Date "2024.01.30"]
[Round "5"]
[White "Sokoloco"]
[Black "INLOVEWITHF"]
[Result "1-0"]
[WhiteElo "2757"]
[BlackElo "2590"]
[TimeControl "180+1"]
[EndTime "14:57:31 PST"]
[Termination "Sokoloco won by resignation"]

1. b3 e5 2. Bb2 Nc6 3. e3 a6 4. d4 exd4 5. exd4 d5 6. Nf3 Nf6 7. Bd3 Nb4 8. Be2 Bf5 9. Na3 Bd6 10. Ne5 O-O 11. c3 Nc6 12. Nxc6 bxc6 13. Nc2 Re8 14. Ne3 Bg6 15. O-O c5 16. Bf3 c6 17.
c4 cxd4 18. Bxd4 Be5 19. cxd5 cxd5 20. Rc1 Qd6 21. h3 h6 22. Rc5 Be4 23. Bxe4 Bxd4 24. Rxd5 Qb6 25. Qxd4 Qxd4 26. Rxd4 Nxe4 27. Rc1 Rad8 28.
Rcc4 Nd2 29. Rxd8 Rxd8 30. Ra4 Rd6 31. Nc4 Nxc4 32. Rxc4 h5 33. Kf1 g6 34. Ke2 Kg7 35.
h4 Kf6 36. g3 Kf5 37. Rc7 f6 38. Rc5+ Ke6 39. Ra5 Kd7 40. f3 Kc7 41. g4 Kb6 42. Ra4 Rd5 43. Rf4 f5 44. gxf5 gxf5 45. Rc4 Re5+ 46.
Kf2 Rd5 47. Ke3 Kb5 48. Rd4 Re5+ 49. Kf4 Re2 50. Rd5+ Kb4 51. Rxf5 Rxa2 52. Rxh5 Kxb3 53. Rh8 a5 54. Rb8+ Kc4 55. h5 a4 56. h6 a3 57.
h7 Rh2 58. h8=Q Rxh8 59. Rxh8 a2 60. Ra8 Kb3 61. Ke5 1-0

[Event "Late-Titled-Tuesday-Blitz-January-30-2024"]
[Site "Chess.com"]
[Date "2024.01.30"]
[Round "5"]
[White "TheNextLevelFan"]
[Black "english_player_89"]
[Result "1/2-1/2"]
[WhiteElo "2592"]
[BlackElo "2436"]
[TimeControl "180+1"]
[EndTime "14:57:31 PST"]
[Termination "Game drawn by repetition"]

1. e4 e5 2. Nc3 Nf6 3. f4 d5 4. fxe5 Nxe4 5. Nf3 Be7 6. Be2 c5 7. O-O Nc6 8. d3 Nxc3 9. bxc3 Be6 10. Qe1 h6 11.
Rb1 Qc7 12. Bf4 g5 13. Bg3 h5 14. h4 gxh4 15. Nxh4 O-O-O 16. Nf5 h4 17. Bh2 h3 18.
g4 Bg5 19. Qf2 d4 20. c4 Kb8 21. Kh1 Ka8 22. Bf3 Bxf5 23. gxf5 Be3 24. Qe2 Rb8 25. Rb5 Nxe5 26. Rfb1 f6 27. Rxb7 Rxb7 28. Rxb7 Qxb7 29. Bxb7+ Kxb7 30. Bxe5 fxe5 31. Qf3+ Kb6 32. f6 Bf4 33. f7 Kc7 34. Qd5 Rb8 35. Qxc5+ Kd7 36. Kg1 Rb1+ 37. Kf2 h2 38. f8=Q Be3+ 39. Ke2 Re1+ 40. Kxe1 h1=Q+ 41. Qf1 Qh4+ 42. Kd1 Qh5+ 43. Ke1 Qh4+ 44. Ke2 Qh5+ 45.
Qf3 Qh2+ 46. Kf1 Qg1+ 47. Ke2 Qh2+ 48. Ke1 Qg1+ 49. Qf1 Qg3+ 50. Kd1 Qg4+ 51. Qe2 Qg1+ 52.
Qe1 Qg4+ 53. Qe2 Qg1+ 54. Qe1 Qg4+ 55. Qe2 1/2-1/2

[Event "Late-Titled-Tuesday-Blitz-January-30-2024"]
[Site "Chess.com"]
[Date "2024.01.30"]
[Round "5"]
[White "kikoveiga"]
[Black "SuanFernandes"]
[Result "0-1"]
[WhiteElo "2508"]
[BlackElo "2324"]
[TimeControl "180+1"]
[EndTime "14:57:31 PST"]
[Termination "SuanFernandes won by resignation"]

1. c4 e6 2. Nc3 d5 3. d4 Nf6 4.
Nf3 a6 5. cxd5 exd5 6. Bg5 Be6 7. e3 Nbd7 8. Bd3 Bd6 9. O-O c6 10. Qc2 Qc7 11. Rfe1 O-O 12. h3 h6 13. Bh4 g5 14. Bxg5 hxg5 15. Nxg5 Rfe8 16. f4 Nf8 17. Qf2 N6h7 18. Qg3 Kh8 19. Qh4 f6 20. Nxh7 Nxh7 21.
e4 dxe4 22. Nxe4 f5 23. Ng5 Qd7 24. Qh5 Bg8 25. Qh6 Bxf4 26. h4 Rxe1+ 27. Rxe1 Bxg5 28. hxg5 Qxd4+ 29. Kh1 Qg7 30. Qxg7+ Kxg7 31. Re7+ Kg6 32.
Rxb7 Nxg5 33. Rb6 Bd5 34. Kg1 Re8 35. Bxa6 Re1+ 36. Kf2 Ra1 37. a3 Ne4+ 38. Ke3 Kf6 39. Bb5 Re1+ 40. Kd4 Rd1+ 41. Ke3 Rc1 42. b4 Ke5 43.
Bd3 Rc3 44. Ke2 Rxa3 45. b5 Ra2+ 46. Ke3 Rb2 47. g4 fxg4 48. Rb8 g3 49. Re8+ Kf5 50. Bxe4+ Bxe4 51. Rxe4 Rb3+ 52. Kd4 Rb4+ 53. Kc5 Rxe4 54. bxc6 Re7 55. c7 Rxc7+ 56. Kd6 Rg7 0-1

[Event "Late-Titled-Tuesday-Blitz-January-30-2024"]
[Site "Chess.com"]
[Date "2024.01.30"]
[Round "5"]
[White "KorolDimitriy75"]
[Black "neri_gaite"]
[Result "1-0"]
[WhiteElo "2371"]
[BlackElo "2024"]
[TimeControl "180+1"]
[EndTime "14:57:32 PST"]
[Termination "KorolDimitriy75 won by checkmate"]

1. d4 d5 2. c4 e6 3. Nc3 Nf6 4. Bg5 Be7 5. cxd5 exd5 6. e3 c6 7. Bd3 O-O 8. Qc2 g6 9. Nge2 a5 10. f3 Na6 11. a3 Nc7 12. O-O Ne6 13. Bh4 Ng7 14. h3 Re8 15. Bf2 Bf5 16. e4 dxe4 17. fxe4 Be6 18. Rad1 Qc7 19. e5 Nd5 20. Ne4 Nf5 21.
Qd2 Rad8 22. Nf4 Nxf4 23. Qxf4 Nxd4 24. Bxd4 Rxd4 25. Nf6+ Bxf6 26. Qxd4 Bxe5 27. Qf2 c5 28. Kh1 Qc6 29. Rde1 Bd4 30. Qf4 Rf8 31. Be4 Qc8 32. Qd2 b6 33. Rf3 Qd8 34. a4 Bg7 35. Qe2 Re8 36. Qf1 Kh8 37. Rf2 Rf8 38. Bf3 Bd4 39. Rfe2 Kg8 40. Be4 Qd7 41. Qf3 Re8 42. Bc6 Qe7 43.
Bxe8 Qxe8 44. Re4 Qd7 45. R1e2 Qxa4 46. Rxe6 Qa1+ 47. Kh2 Qg1+ 48. Kg3 fxe6 49. Rxe6 Qe1+ 50. Rxe1 Bxb2 51. Re8+ Kg7 52. Qf8# 1-0

[Event "Late-Titled-Tuesday-Blitz-January-30-2024"]
[Site "Chess.com"]
[Date "2024.01.30"]
[Round "5"]
[White "TheMagician"]
[Black "OneTrickPony_82"]
[Result "0-1"]
[WhiteElo "2205"]
[BlackElo "2500"]
[TimeControl "180+1"]
[EndTime "14:57:33 PST"]
[Termination "OneTrickPony_82 won by checkmate"]

1. d4 Nf6 2. Nf3 d5 3. Bf4 c5 4.
e3 Nc6 5. Nc3 a6 6. dxc5 e6 7.
Na4 Ne4 8. c3 Nxc5 9. Nxc5 Bxc5 10. Be2 O-O 11. O-O f6 12. c4 e5 13. Qxd5+ Qxd5 14. cxd5 exf4 15. Rac1 Bb6 16. dxc6 fxe3 17. Rfd1 exf2+ 18. Kf1 bxc6 19. Rxc6 Rb8 20. Bc4+ Kh8 21. Be6 h5 22.
Rdd6 Be3 23. b3 a5 24. Rd5 Bxe6 25. Rxh5+ Kg8 26. Rxe6 Rfe8 27. Rxe8+ Rxe8 28. Rxa5 Rd8 29. Ke2 Bb6 30. Rb5 Rd1 31. Kxd1 f1=Q+ 32. Kc2 Qxb5 33. Nd2 Qc6+ 34. Nc4 Qxg2+ 35. Kc3 Bc5 36. a4 Qh3+ 37. Kb2 Qxh2+ 38. Kc3 Qg3+ 39. Kc2 Bb4 40.
Nb2 Qc3+ 41. Kb1 Qxb3 42. Kc1 Ba3 43. Kd2 Bxb2 44. a5 Bc3+ 45. Kd3 Bxa5+ 46. Ke4 Qc4+ 47. Kf3 Qd3+ 48. Kf4 Bd2+ 49. Kg4 g6 50. Kh4 Qe3 51. Kg4 f5+ 52. Kh4 Be1# 0-1

[Event "Late-Titled-Tuesday-Blitz-January-30-2024"]
[Site "Chess.com"]
[Date "2024.01.30"]
[Round "5"]
[White "Vasily85"]
[Black "ChEsper99"]
[Result "1-0"]
[WhiteElo "2482"]
[BlackElo "2163"]
[TimeControl "180+1"]
[EndTime "14:57:33 PST"]
[Termination "Vasily85 won on time"]

1. g3 d5 2. Bg2 Nf6 3. d4 c6 4.
Nf3 Bg4 5. O-O e6 6. c4 Nbd7 7. Qc2 Bd6 8. Nbd2 O-O 9. e4 dxe4 10.
Nxe4 Nxe4 11. Qxe4 Bf5 12. Qe2 Bg4 13. h3 Bh5 14. g4 Bg6 15. Ne5 Nxe5 16. dxe5 Bc5 17. Rd1 Qb6 18. b3 Rad8 19. Bg5 Rd4 20. Be3 Rxd1+ 21.
Rxd1 Bxe3 22. Qxe3 Qxe3 23. fxe3 f6 24. Rd7 Rf7 25. Rd8+ Rf8 26. Rd7 Rf7 27. Rd6 Re7 28.
exf6 gxf6 29. c5 Kf7 30. Bf1 Be4 31. Rd8 Re8 32. Rd7+ Re7 33. Rd4 Bb1 34. Bc4 Bg6 35.
Rd6 h5 36. Kf2 hxg4 37. hxg4 Be4 38. Kg3 Bd5 39. Bd3 Ke8 40. e4 b6 41. cxb6 axb6 42. exd5 exd5 43. Bg6+ Kf8 44. Rxf6+ Kg7 45. Rxc6 Re3+ 46.
Kf4 Re2 47. a4 Ra2 48. Rxb6 Rc2 49. Bxc2 1-0